 Dungeon Sprint DCSS version 0.21-a0-243-g597973d (webtiles) character file.

25 Doq the Sneak (level 2, -11/13 HPs)
             Began as a Spriggan Enchanter on Sept 4, 2017.
             Mangled by an ogre
             ... wielding a +0 giant spiked club
              (23 damage)
             ... in the Dungeon (Sprint I: "Red Sonja").
             The game lasted 00:01:34 (223 turns).

Doq the Sneak (Spriggan Enchanter)                   Turns: 223, Time: 00:01:35

Health: -11/13     AC:  2    Str:  4    XL:     2   Next: 82%
Magic:  7/7        EV: 19    Int: 16    God:
Gold:   0          SH:  0    Dex: 16    Spells: 7/8 levels left

rFire    . . .     SeeInvis +   a - +1 dagger
rCold    . . .     Gourm    .   (shield restricted)
rNeg     . . .     Faith    .   b - +0 robe
rPois    .         Spirit   .   (helmet restricted)
rElec    .         Reflect  .   (no cloak)
rCorr    .         Harm     .   (gloves unavailable)
MR       .....     NoTele   +   (boots unavailable)
Stlth    +++.......             (no amulet)
HPRegen  0.04/turn              (no ring)
MPRegen  0.10/turn              (no ring)

@: berserk cooldown, very quick
A: unfitting armour, see invisible, herbivore 3, speed 3, slow metabolism 2
a: no special abilities


You were in the Dungeon.
You were not hungry.

You visited 1 branch

Inventory:

Hand Weapons
 a - a +1 dagger (weapon)
Armour
 b - a +0 robe (worn)
Scrolls
 j - a scroll of blinking
Potions
 e - a potion of curing
 f - a potion of heal wounds
 g - a potion of haste
 h - 2 potions of magic
Books
 c - a book of Maledictions

   Spells                             Type                      Level
   a - Corona                         Hexes                        1
   b - Ensorcelled Hibernation        Hexes/Ice                    2
   c - Confuse                        Hexes                        3
   d - Tukima's Dance                 Hexes                        3
   e - Dazzling Spray                 Conjuration/Hexes            3
Comestibles
 d - a bread ration


   Skills:
 + Level 1.1 Short Blades
 + Level 4.1 Dodging
 + Level 6.6 Stealth
 + Level 3.6 Spellcasting
 + Level 5.8 Hexes


You had 7 spell levels left.
You knew the following spells:

 Your Spells              Type           Power        Failure   Level  Hunger
a - Corona                Hex            ###....      1%          1    None


Dungeon Overview and Level Annotations

Branches:
Dungeon (1/1)

Altars:


Innate Abilities, Weirdness & Mutations

You are very small and have problems with some larger weapons.
You are too small for most types of armour.
You have supernaturally acute eyesight. (SInv)
You are a herbivore.
You cover ground extremely quickly.
You need consume almost no food.


Message History

There is an open door here.
There is a fountain of clear blue water here.
Unknown command.
Unknown command.
There is a fountain of clear blue water here.
There is a fountain of clear blue water here.
Unknown command.
There is a staircase leading out of the dungeon here.
You feel yourself speed up.
There is an open door here.
Things that are here:
a dagger; a runed leather armour You open the door.
An ogre comes into view. It is wielding a giant spiked club.
There is an open door here.
The ogre shouts!
You barely miss the ogre.
The ogre hits you with a giant spiked club!!
Ouch! That really hurt!
You die...

##########
#<.#.)'@.#
#..'..#.O+
#..#####+#
#..# #..#
#..# #⌠⌠#
####


You could see an ogre.

Vanquished Creatures
  Ijyb (D)
1 creature vanquished.

Vanquished Creatures (others)
  A gargoyle (D)
1 creature vanquished.

Grand Total: 2 creatures vanquished

Notes
Turn   | Place    | Note
-------+----------+-------------------------------------------
     0 | D        | Doq the Spriggan Enchanter began the quest for the Orb.
     0 | D        | Reached XP level 1. HP: 9/9 MP: 5/5
   157 | D        | Noticed Ijyb
   169 | D        | Killed Ijyb
   169 | D        | Reached skill level 6 in Stealth
   169 | D        | Reached skill level 5 in Hexes
   169 | D        | Reached XP level 2. HP: 13/13 MP: 5/7
   220 | D        | Noticed an ogre
   221 | D        | Killed a gargoyle
   223 | D        | Mangled by an ogre

Vault maps used:
D:        dungeon_sprint_1

Skill      XL: |  1 |
---------------+----+-----
Dodging        | 4 |  4.1
Stealth        | 6 |  6.6
Spellcasting   | 3 |  3.6
Hexes          | 5 |  5.8
Short Blades   | |  1.1

Action                   || total
-------------------------++-------
Melee: Dagger            ||     9
  Use: Potion            ||     1
Dodge: Dodged            ||     2

Table legend:
 A = Spawn XP
 B = Non-spawn XP
 C = Spawn XP percentage of total XP
 D = Spawn monster count
 E = Non-spawn monster count
 F = Spawn count percentage of total count
 G = Total turns spent on level
                    A         B        C        D         E        F      G
               +---------+---------+-------+---------+---------+-------+---------
         Total |       0 |      36 |   0.0 |       0 |       1 |   0.0 |   223
               +---------+---------+-------+---------+---------+-------+---------
             D |       0 |      36 |   0.0 |       0 |       1 |   0.0 |   223
               +---------+---------+-------+---------+---------+-------+---------
